 Dungeon Crawl Stone Soup version 0.29.0-13-gc9e81de378 (webtiles) character file.

Game seed: 1230198772985891587

114 Persephone the Slasher (level 4, -4/31 HPs)
             Began as an Octopode Fighter on Sept 7, 2022.
             Slain by a gnoll
             ... wielding a +0 flail
              (9 damage)
             ... on level 3 of the Dungeon.
             The game lasted 00:02:36 (2297 turns).

Persephone the Slasher (Octopode Fighter)           Turns: 2297, Time: 00:02:37

Health: -4/31      AC:  1    Str: 15    XL:     4   Next: 97%
Magic:  4/4        EV: 13    Int: 10    God:
Gold:   100        SH:  5    Dex: 13    Spells: 3/3 levels left

rFire   . . .      SeeInvis .   a - +0 long sword
rCold   . . .      Faith    .   b - +0 buckler
rNeg    . . .      Spirit   .   (helmet restricted)
rPois   .          Reflect  .   (no amulet)
rElec   .          Harm     .   (no ring)
rCorr   .          Rampage  .   (no ring)
Will    .....                   (no ring)
Stlth   ++........              (no ring)
HPRegen 0.10/turn               (no ring)
MPRegen 0.09/turn               (no ring)
                                (no ring)
                                (no ring)

@: no status effects
A: almost no armour, amphibious, 8 rings, camouflage 1, gelatinous body 1,
(nimble swimmer 1), tentacles
a: no special abilities


You were on level 3 of the Dungeon.
You visited 1 branch of the dungeon, and saw 4 of its levels.

You collected 100 gold pieces.

Inventory:

Hand Weapons
 a - a +0 long sword (weapon)
Missiles
 j - a throwing net (quivered)
Armour
 b - a +0 buckler (worn)
Jewellery
 i - a ring of ice
Scrolls
 c - a scroll of summoning {unknown}
 d - 3 scrolls of identify {unknown}
 f - 2 scrolls of fog {unknown}
 g - 3 scrolls of teleportation {unknown}
 l - 2 scrolls of noise {unknown}
 o - a scroll of poison {unknown}
Potions
 e - 5 potions of curing {unknown}
 h - 2 potions of attraction {unknown}
 k - a potion of berserk rage {unknown}
 m - 2 potions of ambrosia {unknown}
 n - a potion of experience {unknown}


   Skills:
 - Level 3.0 Fighting
 * Level 3.8 Long Blades
 + Level 3.7 Dodging
 + Level 3.7 Shields


You had 3 spell levels left.
You didn't know any spells.
Your spell library contained the following spells:

 Spells                   Type           Power      Damage    Failure   Level
 Sublimation of Blood     Necr           0%         N/A       58%         2
 Wereblood                Tmut           0%         N/A       58%         2
 Summon Hydra             Summ           0%         N/A       100%        7


Dungeon Overview and Level Annotations

Branches:
Dungeon (4/15)
 Temple: D:4-7

Altars:

Annotations:
D:3 turdburglar's ghost, novice FoFi


Innate Abilities, Weirdness & Mutations

You cannot wear most types of armour.
You are amphibious.
You can wear up to eight rings at the same time.
Your skin changes colour to match your surroundings (Stealth+).
Your rubbery body absorbs attacks. (AC +1, EV +1)
((You are camouflaged when in or above water. (Stealth+)))
You have tentacles for arms and can constrict up to eight enemies at once.


Message History

There is a stone staircase leading down here.
You climb downwards.
Found a stone staircase leading down.
There is a stone staircase leading up here.
A hobgoblin is nearby!
The hobgoblin shouts!
You slash the hobgoblin!
You kill the hobgoblin!
An endoplasm comes into view.
The endoplasm quivers.
You hit the endoplasm. You squeeze the endoplasm.
You kill the endoplasm!
Found a fuming pink potion.
HP restored.
Found a stone staircase leading down.
There is a stone staircase leading up here.
You climb upwards.
Level annotation: turdburglar's ghost, novice FoFi The gnoll hits you with a +0 whip.
There is a stone staircase leading down here.
You slash the gnoll! Your grab misses the gnoll.
The gnoll is heavily wounded.
The gnoll hits you with a +0 whip!
You slash the gnoll! Your grab misses the gnoll.
The gnoll is almost dead.
The gnoll hits you with a +0 whip! The gnoll closely misses you.
The gnoll hits you with a +0 whip.
* * * LOW HITPOINT WARNING * * *
You are too injured to fight recklessly!
You are too injured to fight recklessly!
You are too injured to fight recklessly!
You are too injured to fight recklessly!
You are too injured to fight recklessly!
You are too injured to fight recklessly!
You are too injured to fight recklessly!
You are too injured to fight recklessly!
You slash the gnoll!
You kill the gnoll!
The gnoll hits you with a +0 flail!
You die...

#..#.Wwog.. ..#
#..#########..#
#......[..)...#
#...รท.........#
#.....####.#### #.#
####)[# #.# #.#
...[..#.# #.# #.#
#####.#)# #.#######.#
#.#@# #...><..#.# #.#g#
#######.#.# #### #.#.#
##.#.#
.....#.#.#########.#..#
#..............###.#
#..)..#########.#.##
#........#######>##
#......####.#.......#
....##. #.#######


You could see a gnoll.

Vanquished Creatures
  An orc priest (D:3)
  Terence (D:2)
  2 gnolls (D:3)
  An adder (D:1)
  A worm (D:2)
  3 orcs (D:3)
  4 ball pythons
  3 endoplasms
  5 goblins (D:1)
  3 hobgoblins
  2 quokkas
  3 bats
  A frilled lizard (D:1)
  4 rats
34 creatures vanquished.

Notes
Turn   | Place    | Note
-------+----------+-------------------------------------------
     0 | D:1      | Persephone the Octopode Fighter began the quest for the
                  | Orb.
     0 | D:1      | Reached XP level 1. HP: 16/16 MP: 1/1
   511 | D:1      | Reached XP level 2. HP: 20/21 MP: 2/2
   653 | D:1      | Found a faded altar of an unknown god.
  1111 | D:1      | Reached XP level 3. HP: 15/26 MP: 3/3
  1624 | D:2      | Noticed Terence
  1630 | D:2      | Killed Terence
  1631 | D:2      | Reached XP level 4. HP: 20/31 MP: 4/4
  2032 | D:3      | Noticed turdburglar's ghost (novice FoFi)
  2038 | D:3      | Identified the +5 scale mail "Ceifaiq" {Harm Drain rPois
                  | SInv}
  2297 | D:3      | Slain by a gnoll

Illustrated notes

Levels and vault maps discovered:
D:1:      heliophobic_arrival_enchanted_forest, layout_basic,
          ebering_ecumenical_altar_ruins, lemuel_old_faithful
D:2:      layout_rooms, st_stairs_2, uniq_terence
D:3:      layout_loops_ring, gammafunk_ghost_split, nrook_campfire
D:4:      layout_cave_pods, kennysheep_boxes, uniq_sigmund, uniq_natasha,
          uniq_edmund, uniq_crazy_yiuf_cottage

Skill      XL: |  1  2  3 |
---------------+----------+-----
Long Blades    | 3 |  3.8
Fighting       | |  3.0
Dodging        | |  3.7
Shields        | |  3.7

Action                   |  1- 3 |  4- 6 || total
-------------------------+-------+-------++-------
Melee: Long sword        |    52 |    23 ||    75
       Constrict         |    15 |     5 ||    20
       Tentacles         |     9 |     7 ||    16
       Punch             |     2 |       ||     2
  Use: Potion            |     1 |       ||     1
 Stab: Sleeping          |     2 |       ||     2
Armor: Skin              |     5 |     2 ||     7
Dodge: Dodged            |    52 |    19 ||    71
Block: Buckler           |    17 |     6 ||    23
